 Dungeon Crawl Stone Soup version 0.20-a0-739-g6bb112f (webtiles) character file.

8579 Ijustatesigmund the Destroyer (level 11, 0/64 HPs)
             Began as a Gargoyle Wizard on Feb 24, 2017.
             Was a Priest of Vehumet.
             Slain by a two-headed ogre
             ... wielding a +0 giant club
              (27 damage)
             ... on level 1 of the Orcish Mines.
             The game lasted 00:50:57 (13065 turns).

Ijustatesigmund the Destroyer (Gargoyle Wizard)    Turns: 13065, Time: 00:50:58

Health: 0/64       AC: 16    Str: 10    XL:     11   Next: 33%
Magic:  13/21      EV: 12    Int: 23    God:    Vehumet [***...]
Gold:   713        SH:  5    Dex: 11    Spells: 12/23 levels left

rFire    . . .     SeeInvis .   Q - +3 flail
rCold    + . .     Gourm    +   m - +3 leather armour
rNeg     + . .     Faith    .   I - +0 buckler
rPois    ∞         Spirit   .   l - +1 helmet
rElec    +         Reflect  .   F - scarf {rC+}
rCorr    .         Harm     .   (no gloves)
MR       +....                  (no boots)
Stlth    ++........             e - amulet of the gourmand
Regen    0.2/turn               B - ring of protection from magic
MPRegen  0.2/turn               j - +3 ring of dexterity

@: studying Charms
A: negative energy resistance 1, electricity resistance, unbreathing,
petrification resistance, rot immunity, AC +7
a: Renounce Religion


You were on level 1 of the Orcish Mines.
You worshipped Vehumet.
Vehumet was most pleased with you.
You were very full.

You visited 3 branches of the dungeon, and saw 12 of its levels.

You collected 769 gold pieces.
You spent 56 gold pieces at shops.

Inventory:

Hand Weapons
 C - a +1 flail of freezing
 P - a +0 morningstar
 Q - a +3 flail (weapon)
Armour
 l - a +1 helmet (worn)
 m - a +3 leather armour (worn)
 t - a +0 shield
 y - the +3 helmet "Tura" {*Corrode +Inv rF- rC+++}
   (You found it on level 6 of the Dungeon)

   It makes you vulnerable to fire.
   It renders you almost immune to cold.
   It lets you turn invisible.
   It may corrode you when you take damage.
 A - a +1 robe of magic resistance
 F - a scarf of cold resistance (worn)
 I - a +0 buckler (worn)
Magical Staves
 f - an uncursed staff of summoning
Jewellery
 a - an uncursed ring of positive energy
 e - an amulet of the gourmand (around neck)
 j - a +3 ring of dexterity (left hand)
 n - a +3 ring of dexterity
 B - a ring of protection from magic (right hand)
 E - a +3 ring of strength
 L - an uncursed amulet of magic regeneration {unknown}
Wands
 r - a wand of paralysis (0/24)
 w - a wand of random effects (0/48)
 z - a wand of lightning (1/15)
 D - a wand of iceblast (7/15)
Scrolls
 i - 8 scrolls of enchant weapon
 k - a scroll of recharging
 o - 9 scrolls of remove curse
 q - a scroll of teleportation
 s - 2 scrolls of fog
 u - 3 scrolls of blinking
 H - a scroll of amnesia
 J - 4 scrolls of identify
 K - a scroll of fear
Potions
 g - 3 potions of resistance
 x - a potion of ambrosia
 O - a potion of mutation {unknown}
Books
 c - a book of Minor Magic

   Spells                             Type                      Level
   a - Magic Dart                     Conjuration                  1
   b - Blink                          Translocation                2
   c - Call Imp                       Summoning                    2
   d - Slow                           Hexes                        2
   e - Conjure Flame                  Conjuration/Fire             3
   f - Mephitic Cloud                 Conjuration/Poison/Air       3
 p - a book of Debilitation

   Spells                             Type                      Level
   a - Corona                         Hexes                        1
   b - Slow                           Hexes                        2
   c - Inner Flame                    Hexes/Fire                   3
   d - Portal Projectile              Hexes/Translocation          3
   e - Cause Fear                     Hexes                        4
   f - Leda's Liquefaction            Hexes/Earth                  4
 v - a book of Fire

   Spells                             Type                      Level
   a - Ignite Poison                  Fire/Transmutation/Poison    3
   b - Fireball                       Conjuration/Fire             5
   c - Bolt of Fire                   Conjuration/Fire             6
   d - Ring of Flames                 Charms/Fire                  7
   e - Ignition                       Fire                         8
 M - a book of the Sky

   Spells                             Type                      Level
   a - Summon Lightning Spire         Summoning/Air                4
   b - Silence                        Hexes/Air                    5
   c - Deflect Missiles               Charms/Air                   6
   d - Conjure Ball Lightning         Conjuration/Air              6
   e - Tornado                        Air                          9
 N - a manual of Charms
Comestibles
 b - 7 fruits
 d - 3 bread rations
 h - 6 royal jellies
 G - 2 meat rations


   Skills:
 - Level 6.0 Fighting
 - Level 5.6 Maces & Flails
 - Level 5.5 Armour
 + Level 3.2 Dodging
 - Level 2.1 Stealth
 - Level 5.6 Shields
 + Level 6.9 Spellcasting
 + Level 8.1 Conjurations
   Level 0.8 Summonings
 - Level 4.2 Translocations
 - Level 4.3 Fire Magic
 - Level 2.6 Air Magic
 - Level 3.0 Poison Magic


You had 12 spell levels left.
You knew the following spells:

 Your Spells              Type           Power        Failure   Level  Hunger
a - Magic Dart            Conj           ####         1%          1    None
b - Blink                 Tloc           N/A          2%          2    None
c - Conjure Flame         Conj/Fire      #####...     1%          3    None
d - Mephitic Cloud        Conj/Pois/Air  ####....     1%          3    None
e - Searing Ray           Conj           #####.       1%          2    None


Dungeon Overview and Level Annotations

Branches:
Dungeon (10/15)            Temple (1/1) D:4             Orc (1/2) D:10
   Lair: D:8-11

Altars:
Ashenzari
Cheibriados
Dithmenos
Elyvilon
Fedhas
Gozag
Hepliaklqana
Kikubaaqudgha
Makhleb
Nemelex Xobeh
Okawaru
Qazlal
Ru
Sif Muna
Trog
Uskayaw
Vehumet
Wu Jian
Xom
Yredelemnul
Zin
The Shining One
Beogh

Shops:
D:6 *   D:10 [

Annotations:
D:2 Jessica


Innate Abilities, Weirdness & Mutations

You are resistant to torment.
Your stone body is resilient. (AC +7)
You are immune to poison.
You resist negative energy. (rN+)
You are resistant to electric shocks. (rElec)
You can survive without breathing.
You are immune to petrification.
You are immune to rotting.


Message History

The magic dart hits the two-headed ogre.
The two-headed ogre is heavily wounded.
Casting: Magic Dart
Confirm with . or Enter, or press ? or * to list all spells.
Aiming: Magic Dart
Press: ? - help, Shift-Dir - straight line, f/p - two-headed ogre
Aim: a two-headed ogre, wielding two giant clubs (heavily wounded)
The magic dart hits the two-headed ogre.
The two-headed ogre is heavily wounded.
The two-headed ogre barely misses you.
The two-headed ogre hits you with a giant club!
Casting: Magic Dart
Confirm with . or Enter, or press ? or * to list all spells.
Aiming: Magic Dart
Press: ? - help, Shift-Dir - straight line, f/p - two-headed ogre
Aim: a two-headed ogre, wielding two giant clubs (heavily wounded)
The magic dart hits the two-headed ogre.
The two-headed ogre is heavily wounded.
The two-headed ogre hits you with a giant club!!
You die...

#$.#...#...
.......#.##
.........##
#.........# #
#.........##.##
#.....#.##...###
#.O.....#.....##
##@............#
##..............#
##...............#
..................##
#.#................#
#...#..............#
##...#......><.....#
#............#.....#
#..##........ ...##


You could see a two-headed ogre.

Vanquished Creatures
  Erolcha (D:10)
  A hydra (D:9)
  A two-headed ogre (D:10)
  An ugly thing (D:9)
  2 trolls (D:9)
  9 yaks
  4 orc warriors
  3 ice beasts
  2 sky beasts
  A black bear (D:10)
  A necrophage (D:7)
  8 ogres
  An eye of draining (D:9)
  5 centaurs
  Blork the orc (D:6)
  2 big kobolds
  4 bullfrogs
  4 scorpions
  5 wights
  2 electric eels (D:8)
  6 howler monkeys
  2 crimson imps (D:6)
  A bullfrog skeleton (D:5)
  8 orc priests
  8 orc wizards
  6 hounds
  A centaur skeleton (D:10)
  3 iguanas
  7 worker ants
  2 hound zombies
  5 adders
  A howler monkey skeleton (D:8)
  13 gnolls
  4 shadow imps
  2 adder zombies
  An adder skeleton (D:9)
  5 worms
  4 dart slugs
  10 leopard geckos
  54 orcs
  4 giant cockroaches
  10 goblins
  6 hobgoblins
  2 quokkas
  3 ball pythons
  9 bats
  10 frilled lizards
  8 kobolds
  6 rats
  2 fungi (D:7)
261 creatures vanquished.

Notes
Turn   | Place    | Note
-------+----------+-------------------------------------------
     0 | D:1      | Ijustatesigmund the Gargoyle Wizard began the quest for the Orb.
     0 | D:1      | Reached XP level 1. HP: 10/10 MP: 4/4
   134 | D:1      | Reached skill level 2 in Conjurations
   134 | D:1      | Reached XP level 2. HP: 12/15 MP: 0/6
   199 | D:1      | Learned a level 2 spell: Blink
   214 | D:1      | Reached skill level 3 in Conjurations
   219 | D:1      | Reached XP level 3. HP: 19/19 MP: 0/7
  1387 | D:2      | Reached skill level 4 in Conjurations
  1566 | D:2      | Reached XP level 4. HP: 24/24 MP: 1/8
  1952 | D:2      | Noticed Jessica
  2296 | D:3      | Reached skill level 5 in Conjurations
  2296 | D:3      | Reached XP level 5. HP: 26/28 MP: 4/9
  2918 | D:4      | Reached skill level 1 in Fighting
  3254 | D:4      | Reached XP level 6. HP: 18/37 MP: 0/10
  3752 | D:4      | Found a staircase to the Ecumenical Temple.
  3868 | D:5      | Entered Level 5 of the Dungeon
  3982 | D:5      | Learned a level 3 spell: Conjure Flame
  3986 | D:5      | Learned a level 3 spell: Mephitic Cloud
  4040 | D:5      | Reached skill level 1 in Air Magic
  4040 | D:5      | Reached skill level 1 in Poison Magic
  4171 | D:5      | Reached XP level 7. HP: 43/43 MP: 4/11
  4325 | Temple   | Entered the Ecumenical Temple
  5169 | D:6      | Reached skill level 1 in Maces & Flails
  5391 | D:6      | Got a shimmering helmet
  5402 | D:6      | Identified the +3 helmet "Tura" {*Corrode +Inv rF- rC+++} (You found it on level 6 of the Dungeon)
  5475 | D:6      | Reached skill level 1 in Armour
  5588 | D:6      | Reached XP level 8. HP: 48/48 MP: 6/12
  5688 | D:6      | Noticed Blork the orc
  5804 | D:6      | Killed Blork the orc
  6860 | D:5      | Reached skill level 5 in Maces & Flails
  7010 | D:5      | Reached skill level 5 in Armour
  7077 | D:6      | Found a bloodstained altar of Trog.
  7098 | D:6      | Found Uvic's General Store.
  7103 | D:6      | Bought a scroll of identify for 28 gold pieces
  7103 | D:6      | Bought a scroll of identify for 28 gold pieces
  7223 | D:6      | Reached XP level 9. HP: 52/52 MP: 3/13
  7365 | D:7      | Reached skill level 1 in Translocations
  7383 | D:7      | Reached skill level 1 in Fire Magic
  8160 | D:7      | Found a basalt altar of Yredelemnul.
  8160 | D:7      | Found an ornate altar of the Wu Jian Council.
  8160 | D:7      | Found a sparkling altar of Nemelex Xobeh.
  8161 | D:7      | Found a radiant altar of Vehumet.
  8162 | D:7      | Found a snail-covered altar of Cheibriados.
  8164 | D:7      | Became a worshipper of Vehumet
  8169 | D:7      | Found a bloodstained altar of Trog.
  8689 | D:8      | Found a roughly hewn altar of Beogh.
  8775 | D:8      | Reached * piety under Vehumet
  8775 | D:8      | Offered knowledge of Freeze by Vehumet.
 10068 | D:8      | Reached skill level 5 in Spellcasting
 10070 | D:8      | Reached XP level 10. HP: 47/57 MP: 2/17
 10450 | D:9      | Found a hazy altar of Hepliaklqana.
 10458 | D:9      | Noticed a cyan ugly thing
 10792 | D:9      | Reached skill level 1 in Shields
 10843 | D:9      | Killed a brown ugly thing
 11006 | D:9      | Reached ** piety under Vehumet
 11006 | D:9      | Offered knowledge of Sandblast by Vehumet.
 11208 | D:9      | Reached skill level 5 in Fighting
 11214 | D:9      | Reached skill level 6 in Conjurations
 11621 | D:9      | Offered knowledge of Searing Ray by Vehumet.
 11632 | D:9      | Learned a level 2 spell: Searing Ray
 11666 | D:9      | Noticed a five-headed hydra
 11671 | D:9      | Killed a five-headed hydra
 11671 | D:9      | Reached skill level 5 in Shields
 12157 | D:10     | Entered Level 10 of the Dungeon
 12163 | D:10     | Noticed a two-headed ogre
 12179 | D:10     | Killed a two-headed ogre
 12179 | D:10     | Reached skill level 7 in Conjurations
 12179 | D:10     | Reached XP level 11. HP: 23/64 MP: 11/20
 12241 | D:10     | Noticed Erolcha
 12547 | D:10     | Killed Erolcha
 12577 | D:10     | Reached *** piety under Vehumet
 12765 | D:10     | Found a shadowy altar of Dithmenos.
 12807 | D:10     | Reached skill level 8 in Conjurations
 12851 | D:10     | Found a staircase to the Orcish Mines.
 12853 | D:10     | Found Fagusch's Armour Shoppe.
 12984 | D:10     | Offered knowledge of Throw Icicle by Vehumet.
 13049 | Orc:1    | Entered Level 1 of the Orcish Mines
 13056 | Orc:1    | Noticed a two-headed ogre
 13065 | Orc:1    | Slain by a two-headed ogre

Vault maps used:
D:1:      saegor_arrival_simple_c
D:2:      first_bread, uniq_jessica
D:4:      minmay_temple_entry_from_below_a
D:6:      serial_shops, nicolae_shop_crystal, bloody_trog, uniq_blork_the_orc
D:7:      minitemple, minmay_gold_behind_fungi
D:8:      wad_river_or_something, special_room
D:9:      minmay_shrinking_squares, basic_altar
D:10:     orc_david_3, enter_bailey_3, grunt_dithmenos_smoke, uniq_fannar,
          uniq_erolcha
Temple:   eino_temple_scatter_basement

Skill      XL: |  1  2  3  4  5  6  7  8  9 10 11 |
---------------+----------------------------------+-----
Conjurations   | 2 3 4 5 7 8 |  8.1
Fighting       | 3 4 6 |  6.0
Air Magic      | 1 2 |  2.6
Poison Magic   | 1 3 |  3.0
Maces & Flails | 2 5 |  5.6
Armour         | 2 5 |  5.5
Translocations | 4 |  4.2
Fire Magic     | 4 |  4.3
Spellcasting   | 5 6 |  6.9
Shields        | 5 |  5.6
Dodging        | 2 3 |  3.2
Stealth        | |  2.1
Summonings     | |  0.8

Action                   |  1- 3 |  4- 6 |  7- 9 | 10-12 || total
-------------------------+-------+-------+-------+-------++-------
Melee: Unarmed           |     2 |       |       |       ||     2
       Whip              |     4 |       |       |       ||     4
       Mace              |    12 |    26 |   104 |       ||   142
       Flail             |       |       |    87 |   148 ||   235
 Cast: Magic Dart        |    87 |   147 |   373 |   181 ||   788
       Mephitic Cloud    |       |     1 |    20 |    12 ||    33
       Conjure Flame     |       |       |       |     7 ||     7
       Blink             |       |       |       |     4 ||     4
       Searing Ray       |       |       |       |     3 ||     3
Evoke: Wand              |       |       |     8 |     8 ||    16
  Use: Scroll            |     1 |     9 |     7 |     2 ||    19
       Potion            |       |       |     1 |     2 ||     3
 Stab: Confused          |       |       |     8 |     5 ||    13
       Sleeping          |       |       |       |     1 ||     1
  Eat: Chunk             |    13 |    10 |    19 |     8 ||    50
Armor: Robe              |    10 |    24 |    44 |       ||    78
       Leather armour    |       |       |   108 |    80 ||   188
Dodge: Dodged            |    18 |    31 |   134 |    95 ||   278
Block: Buckler           |       |       |       |    34 ||    34
